 Dungeon Crawl Stone Soup version 0.12.2-22-g286eab9 (webtiles) character file.

134 Gabry the Shield-Bearer (level 4, -3/40 HPs)
             Began as a Minotaur Fighter on Aug 29, 2013.
             Was an Initiate of the Shining One.
             Killed from afar by Sigmund (8 damage)
             ... with a magic dart
             ... on Level 3 of the Dungeon on Aug 30, 2013.
             The game lasted 00:08:22 (1080 turns).

Gabry the Shield-Bearer (Minotaur Fighter)          Turns: 1080, Time: 00:08:22

HP  -3/40        AC 10     Str 21      XL: 4   Next:  9%
MP   1/1         EV 11     Int  5      God: the Shining One [......]
Gold 60          SH  0     Dex 15      Spells:  0 memorised,  3 levels left

Res.Fire  : . . .   See Invis. : .   a - +0 hand axe {=f}
Res.Cold  : . . .   Warding    : .   m - +2 orc scale mail
Life Prot.: . . .   Conserve   : .   c - +0 shield
Res.Poison: .       Res.Corr.  : .   (helmet unavailable)
Res.Elec. : .       Clarity    : .   (no cloak)
Sust.Abil.: . .     Spirit.Shd : .   (no gloves)
Res.Mut.  : .       Stasis     : .   (no boots)
Res.Rott. : .       Ctrl.Telep.: .   (no amulet)
Saprovore : . . .   Flight     : .   (no ring)
                                     (no ring)

@: confused, agile, slightly resistant to hostile enchantments, very unstealthy
A: retaliatory headbutt, horns 3, carnivore 1, AC +1
a: Renounce Religion


You were on level 3 of the Dungeon.
You worshipped the Shining One. the Shining One was noncommittal.
You were hungry.

You visited 1 branch of the dungeon, and saw 3 of its levels.

You collected 40 gold pieces.

Inventory:

Hand weapons
 a - a +0,+0 hand axe (weapon) {=f}
 e - a +0,+0 dagger (quivered)
Armour
 c - a +0 shield (worn)
 m - a +2 orcish scale mail (worn)
Comestibles
 d - 2 bread rations
 g - a choko
 j - an apricot
Scrolls
 b - a scroll of curse armour {unknown}
 f - a scroll of identify {unknown}
 h - a scroll of remove curse {unknown}
 k - a scroll of amnesia {unknown}
Potions
 i - a potion of mutation
 n - a potion of heal wounds {unknown}


   Skills:
 + Level 4.2 Fighting
 + Level 2.8 Axes
 + Level 4.0 Armour
 + Level 1.0 Dodging
 + Level 0.1 Stealth
 + Level 4.7 Shields


You had 3 spell levels left.
You didn't know any spells.

Dungeon Overview and Level Annotations

Branches:
Dungeon (3/27)

Altars:
Makhleb
the Shining One

Annotations
D:3 Jessica, Sigmund


Innate Abilities, Weirdness & Mutations

You reflexively headbutt those who attack you in melee.
You have a pair of large horns on your head.
Your digestive system is specialised to digest meat.
You are covered in fur (AC +1).


Message History

Sigmund gestures at you while chanting. The magic dart hits you!
* * * LOW HITPOINT WARNING * * *
Drink which item? (? for menu, Esc to quit)
You feel more agile all of a sudden.
It was a potion of agility.
Jessica gestures at you while chanting. You resist.
Sigmund gestures wildly while chanting.
Sigmund flickers and vanishes!
Deactivating autopickup; reactivate with Ctrl-A.
Ouch! Jessica zaps a wand.
You resist.
You hear some strange, mumbled words.
Something tries to affect you, but you resist.
Ouch! Jessica gestures wildly while chanting.
Jessica seems to speed up.
You hear some strange, mumbled words.
The magic dart hits you!
You die...

♣.♣...# .....# #....###
#...... #.....# #...@.#
#.....## ! ###'##.. ...
#.@.##.#####
....#######.####..... .#
.........##....#..###..#.
.....@..%.................
###.....%#####.#....#.##.
#......# #.#.##.# #......#
#.#..#.# #......#
###♣♣♣.♣.#
#......###.♣♣..♣♣.##


You could see Jessica.

Vanquished Creatures
  An adder (D:2)
  3 giant geckos
  2 oozes
  7 bats (D:1)
  A giant cockroach (D:2)
  5 goblins
  10 hobgoblins
  9 kobolds
  3 giant newts
  4 jackals (D:2)
  7 rats
52 creatures vanquished.

Notes
Turn   | Place    | Note
--------------------------------------------------------------
     0 | D:1      | Gabry, the Minotaur Fighter, began the quest for the Orb.
     0 | D:1      | Reached XP level 1. HP: 19/19 MP: 0/0
    86 | D:1      | Reached skill level 4 in Shields
    86 | D:1      | Reached XP level 2. HP: 20/26 MP: 0/0
   356 | D:1      | Reached XP level 3. HP: 24/33 MP: 1/1
   362 | D:1      | Reached skill level 1 in Dodging
   613 | D:2      | Found a glowing golden altar of the Shining One.
   620 | D:2      | Became a worshipper of the Shining One
   654 | D:2      | Found a burning altar of Makhleb.
   919 | D:2      | Reached XP level 4. HP: 40/40 MP: 1/1
  1045 | D:3      | Noticed Jessica
  1048 | D:3      | Noticed Sigmund
  1077 | D:3      | Gained mutation: Your digestive system is specialised to digest meat. [potion of mutation]
  1077 | D:3      | Gained mutation: You have a pair of large horns on your head. [potion of mutation]
  1077 | D:3      | Gained mutation: You are covered in fur (AC +1). [potion of mutation]
  1080 | D:3      | Killed from afar by Sigmund

Action                   |  1- 3 |  4- 6 || total
-------------------------+-------+-------++-------
Melee: Hand axe          |   125 |    13 ||   138
  Use: Potion            |       |     2 ||     2
